[Event "Titled Tuesday Blitz October 04 Early 2022"]
[White "Bilan, Danila"]
[Black "Bortnyk, Olexandr"]
[WhiteFideId "24161918"]
[BlackFideId "14120828"]
[WhiteElo "2203"]
[BlackElo "2723"]
[Result "0-1"]
[Round "01"]
[TimeControl "180+1"]
[Date "2022.10.04"]
[WhiteClock "0:00:16"]
[BlackClock "0:01:59"]

1. d4 d6 2. Nf3 Nf6 3. g3 g6 4. Bg2 Bg7 5. O-O O-O 6. c4 Bf5 7. Nc3 Ne4 8. Nd2 Nxc3 9. bxc3 Nc6 10. e4 Bd7 11. Bb2 Na5 12. Qe2 c5 13. e5 Qb6 14. Rab1 Qa6 15. h4 dxe5 16. dxe5 Be6 17. Qe4 Bf5 18. Qf4 Bxb1 19. Rxb1 Rad8 20. h5 Qe6 21. Bd5 Qxe5 0-1


[Site "https://www.chess.com"]

[Event "Titled Tuesday Blitz October 04 Early 2022"]
[White "Bortnyk, Mykola"]
[Black "Winterberg, Lukas"]
[WhiteFideId "14120836"]
[BlackFideId "24622702"]
[WhiteElo "2582"]
[BlackElo "2349"]
[Result "1-0"]
[Round "01"]
[TimeControl "180+1"]
[Date "2022.10.04"]
[WhiteClock "0:01:16"]
[BlackClock "0:01:23"]

1. e4 e6 2. d4 d5 3. Nc3 Nf6 4. e5 Nfd7 5. Nf3 c5 6. dxc5 Bxc5 7. Bd3 Nc6 8. Bf4 h6 9. h3 a6 10. O-O g5 11. Bg3 h5 12. Re1 g4 13. hxg4 hxg4 14. Nh2 Qg5 15. Qxg4 Qxg4 16. Nxg4 Rg8 17. Be2 b5 18. Kf1 Nd4 19. Bd1 Nxc2 20. Bxc2 Rxg4 21. Rac1 Bb7 22. Bd1 Rg7 23. a3 Rc8 24. Bf3 Nb6 25. Rc2 Nc4 26. a4 b4 27. Ne2 a5 28. Rxc4 dxc4 29. Bxb7 Rc7 30. Ba6 Bb6 31. Rd1 c3 32. Bb5+ Kf8 33. Rd8+ Ke7 34. Re8# 1-0


[Site "https://www.chess.com"]

[Event "Titled Tuesday Blitz October 04 Early 2022"]
[White "Dushyant Sharma"]
[Black "Le, Tuan Minh"]
[WhiteFideId "25065130"]
[BlackFideId "12401153"]
[WhiteElo "2270"]
[BlackElo "2530"]
[Result "0-1"]
[Round "01"]
[TimeControl "180+1"]
[Date "2022.10.04"]
[WhiteClock "0:00:02"]
[BlackClock "0:00:05"]

1. e4 c5 2. Nf3 Nf6 3. e5 Nd5 4. c4 Nc7 5. d4 cxd4 6. Nxd4 Nc6 7. Nxc6 bxc6 8. Nc3 g6 9. Bd3 Bg7 10. Bf4 Ne6 11. Bg3 Rb8 12. Rb1 Qa5 13. Qe2 O-O 14. O-O Ba6 15. f4 Rb7 16. f5 Nd4 17. Qe3 Nxf5 18. Bxf5 gxf5 19. Rxf5 Qb6 20. c5 Qb4 21. Rg5 h6 22. Rf5 Qg4 23. Rf4 Qg6 24. h3 h5 25. Rf3 f6 26. e6 Bc4 27. exd7 Rxd7 28. Qf4 Bf7 29. Bf2 e5 30. Qa4 Bd5 31. Rg3 Qf5 32. Rf1 Qe6 33. Be3 Kh8 34. Qh4 Qe8 35. b4 Bg8 36. Rf5 Bf7 37. Ne4 Rd1+ 38. Kh2 Rd4 39. Rxf6 Rxe4 40. Qxe4 Bxf6 41. Qf5 Be6 42. Qg6 Qxg6 43. Rxg6 Bf5 44. Rg3 h4 45. Rf3 Be6 46. Bh6 Rf7 47. Rd3 e4 48. Re3 Bd5 49. Bf4 Bd4 50. Re1 Rxf4 51. g3 Rf2+ 0-1


[Site "https://www.chess.com"]

[Event "Titled Tuesday Blitz October 04 Early 2022"]
[White "Ezat, Mohamed"]
[Black "Eljanov, Pavel"]
[WhiteFideId "10600906"]
[BlackFideId "14102951"]
[WhiteElo "2386"]
[BlackElo "2601"]
[Result "0-1"]
[Round "01"]
[TimeControl "180+1"]
[Date "2022.10.04"]
[WhiteClock "0:00:04"]
[BlackClock "0:00:18"]

1. d4 Nf6 2. c4 e6 3. Nf3 b6 4. a3 Bb7 5. Nc3 d5 6. cxd5 Nxd5 7. Qc2 Nxc3 8. bxc3 Nd7 9. e4 c5 10. Bd3 Qc7 11. O-O cxd4 12. cxd4 Qxc2 13. Bxc2 Rc8 14. Bd3 Be7 15. a4 O-O 16. a5 Nf6 17. axb6 Bxe4 18. Bxe4 Nxe4 19. bxa7 Ra8 20. Bf4 Rfc8 21. Rfe1 Nc3 22. Bb8 Kf8 23. Ne5 Ke8 24. Kf1 Nd5 25. Rec1 Rcxb8 26. axb8=Q+ Rxb8 27. Ra7 f6 28. Nd3 Kf7 29. g3 g5 30. Rca1 g4 31. Rd7 Ke8 32. Raa7 Rb1+ 33. Kg2 Rd1 34. Nf4 Nxf4+ 35. gxf4 Bc5 36. Rab7 Rxd4 37. Rxh7 Bf8 38. Rb8+ Rd8 39. Rxd8+ Kxd8 40. Rf7 Be7 41. Rg7 f5 42. f3 gxf3+ 43. Kxf3 Ke8 44. Rg2 Kf7 45. Ke3 Bc5+ 46. Kf3 Be7 47. Rg1 Kf6 0-1


[Site "https://www.chess.com"]

[Event "Titled Tuesday Blitz October 04 Early 2022"]
[White "Guerrero Olmos, Sergio"]
[Black "Harsha Bharathakoti"]
[WhiteFideId "2257238"]
[BlackFideId "5078776"]
[WhiteElo "2272"]
[BlackElo "2523"]
[Result "1-0"]
[Round "01"]
[TimeControl "180+1"]
[Date "2022.10.04"]
[WhiteClock "0:01:29"]
[BlackClock "0:00:15"]

1. d4 d5 2. Nf3 e6 3. Bf4 Nf6 4. e3 Bd6 5. Bg3 c5 6. Bb5+ Nc6 7. O-O O-O 8. Nbd2 cxd4 9. exd4 Qc7 10. c3 Bd7 11. Qe2 Rab8 12. Rfe1 Ne7 13. Bd3 b5 14. Ne5 Ng6 15. a3 a5 16. h4 Ne7 17. Ndf3 Nf5 18. Bf4 b4 19. axb4 axb4 20. Rac1 bxc3 21. bxc3 Rfe8 22. c4 dxc4 23. Rxc4 Qa7 24. Ng5 Nd5 25. Qh5 Nh6 26. Bxh7+ Kf8 27. Ng6+ fxg6 28. Bxd6+ Ne7 29. Qxg6 1-0


[Site "https://www.chess.com"]

[Event "Titled Tuesday Blitz October 04 Early 2022"]
[White "Ianov, Viktor"]
[Black "Duda, Jan-Krzysztof"]
[WhiteFideId "14102730"]
[BlackFideId "1170546"]
[WhiteElo "2152"]
[BlackElo "2779"]
[Result "0-1"]
[Round "01"]
[TimeControl "180+1"]
[Date "2022.10.04"]
[WhiteClock "0:01:22"]
[BlackClock "0:00:54"]

1. Nf3 Nf6 2. g3 d5 3. Bg2 Bg4 4. c4 e6 5. Ne5 c6 6. Nxg4 Nxg4 7. e4 Ne5 8. cxd5 Nd3+ 9. Kf1 exd5 10. Nc3 dxe4 11. Nxe4 Be7 12. Qb3 O-O 13. Qxb7 Nd7 14. Ke2 Re8 15. Qxc6 N7c5 16. Rd1 Rc8 17. Qb5 Bf8 18. f3 a6 0-1


[Site "https://www.chess.com"]

[Event "Titled Tuesday Blitz October 04 Early 2022"]
[White "Jobava, Baadur"]
[Black "Iljin, Timofey"]
[WhiteFideId "13601520"]
[BlackFideId "14110180"]
[WhiteElo "2582"]
[BlackElo "2404"]
[Result "1-0"]
[Round "01"]
[TimeControl "180+1"]
[Date "2022.10.04"]
[WhiteClock "0:01:53"]
[BlackClock "0:00:02"]

1. b3 e5 2. Bb2 d6 3. e3 f5 4. d4 Nc6 5. dxe5 dxe5 6. Qxd8+ Kxd8 7. Nf3 e4 8. Ng5 Ke8 9. Bc4 Nh6 10. h4 Na5 11. Bb5+ c6 12. Be2 b6 13. Nd2 Bd7 14. O-O-O Rg8 15. Nc4 Nxc4 16. Bxc4 Rh8 17. f3 b5 18. Be6 Bxe6 19. Nxe6 Kf7 20. Nxf8 Rhxf8 21. Rd7+ Ke6 22. Rxg7 Rg8 23. Rxh7 Nf7 24. fxe4 fxe4 25. Rf1 Nd6 26. Rf6+ Kd5 27. Rh5+ Nf5 28. Rhxf5# 1-0


[Site "https://www.chess.com"]

[Event "Titled Tuesday Blitz October 04 Early 2022"]
[White "Jovic, Stanoje"]
[Black "Kevlishvili, Robby"]
[WhiteFideId "905020"]
[BlackFideId "1040634"]
[WhiteElo "2238"]
[BlackElo "2585"]
[Result "0-1"]
[Round "01"]
[TimeControl "180+1"]
[Date "2022.10.04"]
[WhiteClock "0:00:59"]
[BlackClock "0:01:34"]

1. c4 e5 2. g3 d5 3. cxd5 Qxd5 4. Nf3 Nc6 5. Bg2 Nf6 6. O-O Qd7 7. Nc3 Be7 8. d3 O-O 9. h3 Re8 10. Be3 Bf8 11. Rc1 Nd4 12. Bg5 Nxf3+ 13. Bxf3 c6 14. Bxf6 gxf6 15. g4 f5 16. Kh1 fxg4 17. Bxg4 f5 18. Bh5 Re6 19. Rg1+ Kh8 20. e4 Rh6 21. Qf3 f4 22. Rg5 Qxh3+ 23. Qxh3 Bxh3 24. Kh2 Be7 25. Rxe5 Bf6 26. Rc5 Bg4 0-1


[Site "https://www.chess.com"]

[Event "Titled Tuesday Blitz October 04 Early 2022"]
[White "Kamsky, Gata"]
[Black "Grunberg, Mihai-Lucian"]
[WhiteFideId "2000024"]
[BlackFideId "1204149"]
[WhiteElo "2666"]
[BlackElo "2364"]
[Result "1-0"]
[Round "01"]
[TimeControl "180+1"]
[Date "2022.10.04"]
[WhiteClock "0:00:21"]
[BlackClock "0:00:28"]

1. e4 Nf6 2. e5 Nd5 3. d4 d6 4. Nf3 dxe5 5. Nxe5 c6 6. Be2 Bf5 7. O-O Nd7 8. Nf3 e6 9. c4 Nb4 10. Na3 Be7 11. Be3 O-O 12. Ne1 e5 13. Nac2 Nxc2 14. Nxc2 Bxc2 15. Qxc2 exd4 16. Bxd4 Bf6 17. Be3 Qe7 18. Rad1 Nc5 19. Rfe1 Rfd8 20. Bf1 Rxd1 21. Rxd1 h6 22. b4 Na6 23. a3 c5 24. b5 Nc7 25. g3 Ne6 26. Qe4 Rd8 27. Rxd8+ Nxd8 28. Qxe7 Bxe7 29. Bg2 b6 30. Bd5 Ne6 31. Bxe6 fxe6 32. Bf4 Kf7 33. Bb8 Bd8 34. a4 Ke7 35. Kf1 Kd7 36. Bxa7 Bc7 37. Ke2 Kc8 38. a5 bxa5 39. Bxc5 a4 40. Kd3 Be5 41. f4 Bb2 42. Bd4 1-0


[Site "https://www.chess.com"]

[Event "Titled Tuesday Blitz October 04 Early 2022"]
[White "Kopczynski, Michal"]
[Black "Hakobyan, Aram"]
[WhiteFideId "1124200"]
[BlackFideId "13306677"]
[WhiteElo "2235"]
[BlackElo "2563"]
[Result "0-1"]
[Round "01"]
[TimeControl "180+1"]
[Date "2022.10.04"]
[WhiteClock "0:01:40"]
[BlackClock "0:01:52"]

1. e4 c5 2. d4 d6 3. dxc5 Nf6 4. e5 dxe5 5. Qxd8+ Kxd8 6. Nc3 Nbd7 7. Be3 Ng4 8. O-O-O Nxe3 9. fxe3 e6 10. Ne4 Kc7 11. Nf3 Nxc5 12. Nxc5 Bxc5 13. Nxe5 Bxe3+ 14. Kb1 f6 15. Nc4 Bc5 16. Bd3 e5 17. Rhe1 Bg4 18. Be2 Bxe2 19. Rxe2 Rad8 20. Rxd8 Rxd8 21. Kc1 b5 22. Nd2 Kc6 23. Ne4 Be7 24. g4 h5 25. gxh5 f5 26. Ng3 Bg5+ 27. Kb1 Rd1# 0-1


[Site "https://www.chess.com"]

[Event "Titled Tuesday Blitz October 04 Early 2022"]
[White "Lazavik, Denis"]
[Black "Principe, Gerson"]
[WhiteFideId "13515110"]
[BlackFideId "3804550"]
[WhiteElo "2437"]
[BlackElo "2280"]
[Result "1-0"]
[Round "01"]
[TimeControl "180+1"]
[Date "2022.10.04"]
[WhiteClock "0:00:06"]
[BlackClock "0:00:17"]

1. d4 Nf6 2. c4 e6 3. Nf3 b6 4. g3 Bb7 5. Bh3 Be7 6. O-O O-O 7. Bg2 d5 8. cxd5 exd5 9. Nc3 Nbd7 10. Bf4 a6 11. Rc1 c5 12. e3 Rc8 13. h4 Re8 14. Qe2 Ne4 15. Rfd1 Nxc3 16. bxc3 c4 17. Bh3 Ra8 18. Kg2 b5 19. Bf5 Nf6 20. Ne5 g6 21. Bb1 Ne4 22. f3 Nd6 23. Rh1 Bf6 24. Qc2 Bc8 25. Qe2 Bf5 26. e4 dxe4 27. fxe4 Bc8 28. Rhf1 Bg7 29. Kh2 Bb7 30. h5 f6 31. Nxg6 hxg6 32. hxg6 Bxe4 33. Bxe4 Rxe4 34. Qh5 Qe7 35. Qd5+ Qe6 36. Qxa8+ Ne8 37. Rf2 f5 38. Rcf1 Qxg6 39. Qd5+ Qe6 40. Qxe6+ Rxe6 41. Kg2 Bf6 42. Be5 Bxe5 43. Re2 Ng7 44. Rxe5 Rg6 45. Kf3 Rd6 46. Rfe1 Kf7 47. Re7+ Kf6 48. Rb7 Rc6 49. Ree7 Ne6 50. d5 Ng5+ 51. Ke3 Rd6 52. Kd4 f4 53. gxf4 Nf3+ 54. Kc5 Rd8 55. d6 Nd2 56. Rf7+ Kg6 57. f5+ Kg5 58. Rbe7 Nb1 59. d7 Nxc3 60. Re8 Rxd7 61. Rxd7 Na4+ 62. Kb4 Kxf5 63. Rc7 c3 64. Rxc3 Nxc3 65. Kxc3 1-0


[Site "https://www.chess.com"]

[Event "Titled Tuesday Blitz October 04 Early 2022"]
[White "Lee, Qing Aun"]
[Black "Zhigalko, Sergei"]
[WhiteFideId "5804167"]
[BlackFideId "13502956"]
[WhiteElo "2180"]
[BlackElo "2662"]
[Result "0-1"]
[Round "01"]
[TimeControl "180+1"]
[Date "2022.10.04"]
[WhiteClock "0:00:16"]
[BlackClock "0:00:05"]

1. d4 Nf6 2. Nc3 d5 3. Bf4 a6 4. e3 e6 5. Nf3 b5 6. Bd3 Bb7 7. O-O c5 8. dxc5 Bxc5 9. Qe2 Nc6 10. e4 h6 11. exd5 Nxd5 12. Nxd5 Qxd5 13. Be4 Qh5 14. Rad1 Rc8 15. Rfe1 O-O 16. Rd7 Ba8 17. Qd2 f5 18. Bd3 Rfd8 19. Rxd8+ Rxd8 20. Rxe6 Nb4 21. Ne5 Nxd3 22. cxd3 Bd6 23. h3 Bd5 24. Rxd6 Rxd6 25. Qb4 Rd8 26. Qe7 Qe8 27. Qc7 Rc8 28. Qd6 Bxa2 29. Ng6 Kh7 30. Ne7 Rd8 31. Qe5 Qf7 32. Nxf5 Rd5 33. Nd6 Rxe5 34. Nxf7 Re1+ 35. Kh2 Bxf7 0-1


[Site "https://www.chess.com"]

[Event "Titled Tuesday Blitz October 04 Early 2022"]
[White "Lehtosaari, Mauri"]
[Black "Timofeev, Artyom"]
[WhiteFideId "501999"]
[BlackFideId "4140419"]
[WhiteElo "2502"]
[BlackElo "2579"]
[Result "0-1"]
[Round "01"]
[TimeControl "180+1"]
[Date "2022.10.04"]
[WhiteClock "0:00:01"]
[BlackClock "0:00:13"]

1. Nf3 c5 2. c4 Nf6 3. Nc3 Nc6 4. e3 d5 5. d4 cxd4 6. Nxd4 e6 7. cxd5 exd5 8. Bb5 Bd7 9. O-O Bd6 10. Nf3 Be6 11. Qa4 Qb6 12. Rd1 O-O 13. Be2 a6 14. h3 Rad8 15. b3 Rfe8 16. Bb2 h6 17. Nd4 Nxd4 18. Qxd4 Qc7 19. Rac1 Qe7 20. Na4 Qf8 21. Bf3 Ba3 22. Rc7 Bxb2 23. Qxb2 Rd7 24. Rdc1 Rxc7 25. Rxc7 b5 26. Nc3 Qd6 27. Ra7 Qb6 28. Nxb5 axb5 29. Qd4 Qxd4 30. exd4 b4 31. Rb7 Ra8 32. Rxb4 Rxa2 33. Rb8+ Kh7 34. Rb7 Ne4 35. Rb5 Rb2 36. Bxe4+ dxe4 37. d5 Bc8 38. Rb8 Bf5 39. Rb7 Rd2 40. Rxf7 Rxd5 41. Rb7 Rd2 0-1


[Site "https://www.chess.com"]

[Event "Titled Tuesday Blitz October 04 Early 2022"]
[White "Mahajan, Rushaan"]
[Black "Bacrot, Etienne"]
[WhiteFideId "30934222"]
[BlackFideId "605506"]
[WhiteElo "2148"]
[BlackElo "2666"]
[Result "0-1"]
[Round "01"]
[TimeControl "180+1"]
[Date "2022.10.04"]
[WhiteClock "0:00:18"]
[BlackClock "0:00:26"]

1. Nf3 c5 2. c4 Nc6 3. Nc3 g6 4. g3 Bg7 5. Bg2 e5 6. d3 Nge7 7. O-O O-O 8. Nd2 d6 9. Nd5 Be6 10. Nb1 Qd7 11. Nbc3 Bh3 12. Bd2 Bxg2 13. Kxg2 f5 14. f4 Rae8 15. e3 Nxd5 16. Nxd5 exf4 17. gxf4 Bxb2 18. Rb1 Bg7 19. Kf2 Ne7 20. Qf3 b6 21. h4 Nxd5 22. Qxd5+ Qf7 23. Qf3 Rd8 24. h5 d5 25. hxg6 hxg6 26. Rh1 dxc4 27. Qh3 Rfe8 28. Rbg1 Kf8 29. Qh7 Rxd3 30. Bc1 Re6 31. Rg5 c3 32. Rhg1 Rdd6 33. e4 Bd4+ 34. Kf3 fxe4+ 0-1


[Site "https://www.chess.com"]

[Event "Titled Tuesday Blitz October 04 Early 2022"]
[White "Manukian, Artak"]
[Black "Ivic, Velimir"]
[WhiteFideId "13301373"]
[BlackFideId "950122"]
[WhiteElo "2512"]
[BlackElo "2625"]
[Result "0-1"]
[Round "01"]
[TimeControl "180+1"]
[Date "2022.10.04"]
[WhiteClock "0:01:11"]
[BlackClock "0:01:10"]

1. e4 c5 2. Nf3 d6 3. Bb5+ Nd7 4. O-O a6 5. Bd3 e6 6. c3 Ngf6 7. Bc2 b5 8. d4 Bb7 9. Re1 Be7 10. e5 Nd5 11. Nbd2 dxe5 12. dxe5 Qc7 13. Ne4 h6 14. Ng3 Rd8 15. Qe2 c4 16. Nh5 Kf8 17. Nd4 Nc5 18. Qg4 g6 19. Bxg6 fxg6 20. Qxg6 Bg5 21. Bxg5 hxg5 22. Qxg5 Qe7 23. Nf6 Qg7 24. Qxg7+ Kxg7 25. Nxd5 Bxd5 26. f3 Kf7 27. b3 Rdg8 28. Kf2 Rxh2 29. Rg1 Nd3+ 30. Ke3 Rgxg2 31. Rxg2 Rxg2 32. bxc4 Bxc4 33. Rh1 Nxe5 34. Rh7+ Rg7 35. Rh5 Kf6 36. a4 bxa4 37. f4 Ng4+ 38. Kf3 a3 39. Ra5 a2 40. Nc6 Bd5+ 0-1


[Site "https://www.chess.com"]

[Event "Titled Tuesday Blitz October 04 Early 2022"]
[White "Martinez Alcantara, Jose Eduardo"]
[Black "Msellek, Ilyass"]
[WhiteFideId "3805662"]
[BlackFideId "675938"]
[WhiteElo "2703"]
[BlackElo "2303"]
[Result "1-0"]
[Round "01"]
[TimeControl "180+1"]
[Date "2022.10.04"]
[WhiteClock "0:00:54"]
[BlackClock "0:00:05"]

1. e4 c5 2. Nf3 e6 3. c3 Nf6 4. Bd3 d5 5. e5 Nfd7 6. Bc2 d4 7. O-O Nc6 8. Re1 Qc7 9. Qe2 Be7 10. d3 b6 11. Bf4 Bb7 12. Nbd2 O-O 13. Nc4 Rad8 14. a4 a6 15. Rac1 b5 16. Nd6 Bxd6 17. exd6 Qb6 18. axb5 axb5 19. Bb3 e5 20. Bg3 Na5 21. Ba2 Qxd6 22. Nxe5 Nxe5 23. Bxe5 Qg6 24. Bg3 dxc3 25. Rxc3 Bc6 26. h4 Rfe8 27. Qf1 Rxe1 28. Qxe1 Rxd3 29. Rxc5 Nb7 30. Re5 Rd8 31. Re7 Qg4 32. Rxf7 Kh8 33. Rf4 Qh5 34. Qe7 Qd1+ 35. Kh2 h6 36. Rf8+ Rxf8 37. Qxf8+ Kh7 38. Qf5+ Kh8 39. Qf8+ Kh7 40. Bg8+ Kg6 41. Qf7# 1-0


[Site "https://www.chess.com"]

[Event "Titled Tuesday Blitz October 04 Early 2022"]
[White "Minko, Dmitry"]
[Black "Sarana, Alexey"]
[WhiteFideId "24188468"]
[BlackFideId "24133795"]
[WhiteElo "2147"]
[BlackElo "2689"]
[Result "0-1"]
[Round "01"]
[TimeControl "180+1"]
[Date "2022.10.04"]
[WhiteClock "0:00:08"]
[BlackClock "0:00:18"]

1. e4 c5 2. Nf3 d6 3. d4 cxd4 4. Nxd4 Nf6 5. Nc3 a6 6. h3 b5 7. a3 Bb7 8. Bd3 Nbd7 9. Qe2 g6 10. f4 Bg7 11. Be3 Nh5 12. Qf2 Rc8 13. Be2 Nhf6 14. Bf3 e5 15. Nde2 Qa5 16. O-O O-O 17. Rad1 Qc7 18. f5 gxf5 19. exf5 e4 20. Bg4 Ne5 21. Qh4 Kh8 22. Bg5 Nfxg4 23. hxg4 f6 24. Be3 Rg8 25. g5 fxg5 26. Bxg5 Qf7 27. Nd4 Nf3+ 28. gxf3 Bxd4+ 29. Rxd4 Rxg5+ 30. Qxg5 Rg8 31. Qxg8+ Qxg8+ 32. Kf2 exf3 33. Rg1 Qf8 34. Rdg4 d5 35. f6 h6 36. Rg7 d4 37. f7 Qxg7 38. Rxg7 Kxg7 39. Nd1 Kxf7 40. c3 dxc3 41. bxc3 Ke6 42. Ne3 h5 43. Nc2 Kd6 44. Nb4 Kc5 45. Nd3+ Kc4 46. Ne5+ Kxc3 47. Nxf3 0-1


[Site "https://www.chess.com"]

[Event "Titled Tuesday Blitz October 04 Early 2022"]
[White "Mitrabha, Guha"]
[Black "Rakhimgaliyev, Yerlan"]
[WhiteFideId "5057000"]
[BlackFideId "13705148"]
[WhiteElo "2526"]
[BlackElo "2261"]
[Result "1-0"]
[Round "01"]
[TimeControl "180+1"]
[Date "2022.10.04"]
[WhiteClock "0:02:26"]
[BlackClock "0:00:27"]

1. b3 d5 2. Bb2 Nf6 3. Nf3 c5 4. e3 Nc6 5. Bb5 Bf5 6. O-O e6 7. d3 Be7 8. Nbd2 O-O 9. Bxc6 bxc6 10. Qe2 Qa5 11. Ne5 Qa6 12. f4 h5 13. Ndf3 Rfd8 14. h3 Nd7 15. g4 hxg4 16. hxg4 Be4 17. Nxd7 Rxd7 18. Ne5 Rc7 19. Qh2 Bh7 20. Rf3 f6 21. Rh3 fxe5 22. Bxe5 Bf6 23. Rxh7 Bxe5 24. fxe5 Rac8 25. Rf1 1-0


[Site "https://www.chess.com"]

[Event "Titled Tuesday Blitz October 04 Early 2022"]
[White "Moroni, Luca Jr"]
[Black "Gulevich, Artem"]
[WhiteFideId "865834"]
[BlackFideId "24119580"]
[WhiteElo "2573"]
[BlackElo "2218"]
[Result "1-0"]
[Round "01"]
[TimeControl "180+1"]
[Date "2022.10.04"]
[WhiteClock "0:01:59"]
[BlackClock "0:00:42"]

1. d4 d5 2. Bf4 Nf6 3. e3 e6 4. Nf3 Bd6 5. Nbd2 c5 6. dxc5 Bxc5 7. Bd3 Nc6 8. O-O O-O 9. Qe2 Re8 10. e4 dxe4 11. Nxe4 Be7 12. Rad1 Qb6 13. c3 Rd8 14. Bb1 Bd7 15. Bd6 Nd5 16. c4 Qa6 17. Nc5 Nf4 18. Qe4 1-0


[Site "https://www.chess.com"]

[Event "Titled Tuesday Blitz October 04 Early 2022"]
[White "Nakamura, Hikaru"]
[Black "Kopjonkin, Kirill"]
[WhiteFideId "2016192"]
[BlackFideId "24140090"]
[WhiteElo "2909"]
[BlackElo "2247"]
[Result "1-0"]
[Round "01"]
[TimeControl "180+1"]
[Date "2022.10.04"]
[WhiteClock "0:01:05"]
[BlackClock "0:00:08"]

1. Nf3 Nf6 2. g3 g6 3. Bg2 Bg7 4. d3 O-O 5. e4 d6 6. O-O c5 7. Re1 Nc6 8. Nbd2 Rb8 9. h3 Nd7 10. Nf1 b5 11. Ne3 b4 12. Nh2 a5 13. f4 Bb7 14. h4 a4 15. Rb1 Nb6 16. h5 Nd4 17. f5 Be5 18. Qg4 Qd7 19. Nf3 Nxf3+ 20. Qxf3 Kh8 21. Ng4 Bd4+ 22. Be3 gxf5 23. Bxd4+ cxd4 24. Qxf5 Qxf5 25. exf5 Bxg2 26. Kxg2 Rg8 27. Nh6 Nd5 28. Nxg8 Rxg8 29. Kf3 Rc8 30. Re4 Rxc2 31. Rxd4 e6 32. fxe6 fxe6 33. Re1 Ne7 34. Rxe6 Nf5 35. Rf4 1-0


[Site "https://www.chess.com"]

[Event "Titled Tuesday Blitz October 04 Early 2022"]
[White "Oparin, Grigoriy"]
[Black "Budrewicz, Krzysztof"]
[WhiteFideId "24125890"]
[BlackFideId "1127950"]
[WhiteElo "2639"]
[BlackElo "2171"]
[Result "1/2-1/2"]
[Round "01"]
[TimeControl "180+1"]
[Date "2022.10.04"]
[WhiteClock "0:00:09"]
[BlackClock "0:00:12"]

1. c4 Nf6 2. Nc3 e5 3. g3 Bb4 4. Bg2 Bxc3 5. bxc3 O-O 6. e4 c5 7. d3 d6 8. f4 exf4 9. gxf4 Bg4 10. Nf3 Nh5 11. f5 Nc6 12. h3 Bxf3 13. Qxf3 Qh4+ 14. Kd1 Ne5 15. Qe3 h6 16. Kc2 Rab8 17. Rg1 b5 18. cxb5 Rxb5 19. Bf1 Kh7 20. Rb1 Rxb1 21. Kxb1 Rb8+ 22. Ka1 Qe7 23. Bb2 Qb7 24. Qc1 Nf4 25. Rg3 c4 26. dxc4 Qxe4 27. Re3 Qxf5 28. Qd1 Rb6 29. a4 g6 30. Ba3 Ne6 31. Bb4 Nc5 32. a5 Rc6 33. Be2 Nb7 34. Qd5 Qe6 35. Bf3 Qxd5 36. Bxd5 Rc7 37. Ka2 Nc5 38. Re1 Kg7 39. Rd1 f5 40. Bg2 Nf7 41. Bd5 Ne5 42. Bg2 Nxc4 43. Bf1 Ne3 44. Rxd6 Nxf1 45. c4 Ne3 46. Bc3+ Kf7 47. Rf6+ Ke7 48. Rxg6 Nxc4 49. Rxh6 Ne6 50. Rh5 f4 51. h4 Ne3 52. Bb4+ Kd7 53. Rh7+ Kc6 54. Rh6 Kd5 55. h5 f3 56. Rf6 Nd4 57. h6 Ke5 58. Rf8 Nef5 59. Bc3 Rxc3 60. h7 Rc2+ 61. Ka3 Rh2 62. h8=Q+ Rxh8 63. Rxh8 f2 64. Rh1 Ne3 65. Kb4 Nc6+ 66. Kb5 Kd6 67. Ka6 f1=Q+ 68. Rxf1 Nxf1 69. Kb7 Ne3 70. a6 Nd5 71. Ka8 Kc5 72. Kb7 Kb5 73. Ka8 Kxa6 1/2-1/2


[Site "https://www.chess.com"]

[Event "Titled Tuesday Blitz October 04 Early 2022"]
[White "Ovchinnikov, Vsevolod"]
[Black "Bluebaum, Matthias"]
[WhiteFideId "24176842"]
[BlackFideId "24651516"]
[WhiteElo "2376"]
[BlackElo "2633"]
[Result "0-1"]
[Round "01"]
[TimeControl "180+1"]
[Date "2022.10.04"]
[WhiteClock "0:00:05"]
[BlackClock "0:00:57"]

1. Nf3 d5 2. c4 d4 3. e3 c5 4. b4 Nf6 5. bxc5 Nc6 6. exd4 Nxd4 7. Bb2 e5 8. Nxd4 exd4 9. Bd3 Bxc5 10. O-O O-O 11. Na3 Bg4 12. Qb3 b6 13. Nc2 Qd6 14. Rae1 a5 15. a4 Bd7 16. Na3 Ng4 17. f4 Rae8 18. Rxe8 Rxe8 19. h3 Nf6 20. Nb5 Bxb5 21. cxb5 Ne4 22. Bxe4 Rxe4 23. Qf3 f5 24. d3 Re3 25. Qa8+ Kf7 26. Rf3 Re1+ 27. Kh2 Qe6 28. Qb7+ Kf8 29. Qa8+ Qe8 30. Qd5 Qf7 31. Qxf7+ Kxf7 32. Rf2 g6 33. Rc2 Ke6 34. Bc1 Kd5 35. Kg3 Rd1 36. Bd2 Ra1 37. Rc4 Ra3 38. Rc2 Rxd3+ 39. Kf2 Ra3 40. Rc1 Rxa4 41. Kf3 Ra3+ 0-1


[Site "https://www.chess.com"]

[Event "Titled Tuesday Blitz October 04 Early 2022"]
[White "Paravyan, David"]
[Black "Saravana, Krishnan P."]
[WhiteFideId "4194985"]
[BlackFideId "5018382"]
[WhiteElo "2555"]
[BlackElo "2155"]
[Result "1-0"]
[Round "01"]
[TimeControl "180+1"]
[Date "2022.10.04"]
[WhiteClock "0:00:15"]
[BlackClock "0:00:30"]

1. e4 c6 2. d4 d5 3. e5 Qb6 4. Ne2 Bg4 5. Nbc3 e6 6. h3 Bh5 7. g4 Bg6 8. Nf4 c5 9. Be3 Nc6 10. dxc5 Qxb2 11. Nb5 Qb4+ 12. c3 Qa5 13. Nxg6 hxg6 14. Qb3 a6 15. Nd6+ Bxd6 16. exd6 Nf6 17. Bg2 Nd7 18. Qxb7 Qxc3+ 19. Ke2 Rb8 20. Qxc6 Qb2+ 21. Kf3 Qf6+ 22. Kg3 Qe5+ 23. Bf4 Qc3+ 24. Kh2 Qd4 25. Bg3 Qxg4 26. Rhb1 Rd8 27. Rb7 Qd4 28. Rxd7 Rxd7 29. Rb1 O-O 30. Qxd7 1-0


[Site "https://www.chess.com"]

[Event "Titled Tuesday Blitz October 04 Early 2022"]
[White "Perez Gormaz, Matias"]
[Black "Andreikin, Dmitry"]
[WhiteFideId "3406342"]
[BlackFideId "4158814"]
[WhiteElo "2341"]
[BlackElo "2736"]
[Result "0-1"]
[Round "01"]
[TimeControl "180+1"]
[Date "2022.10.04"]
[WhiteClock "0:00:09"]
[BlackClock "0:01:37"]

1. e4 e6 2. d4 d5 3. exd5 exd5 4. Nf3 Nf6 5. Bd3 c5 6. dxc5 Bxc5 7. O-O O-O 8. Nbd2 Nc6 9. Nb3 Bb6 10. Bg5 h6 11. Bh4 g5 12. Bg3 Ne4 13. c4 Be6 14. Rc1 Nxg3 15. hxg3 Qf6 16. cxd5 Bxd5 17. Bh7+ Kxh7 18. Qxd5 Rad8 19. Qe4+ Kg7 20. Rc2 Rfe8 21. Qg4 Qg6 22. Rd2 Re4 23. Qh3 g4 24. Qh2 gxf3 25. gxf3 Ne5 26. Qg2 Rxd2 27. Nxd2 Re2 28. Nb3 Qd3 29. f4 Nf3+ 30. Kh1 Qd5 31. g4 Rxb2 32. Nc1 Rd2 33. g5 hxg5 34. fxg5 Rd1 0-1


[Site "https://www.chess.com"]

[Event "Titled Tuesday Blitz October 04 Early 2022"]
[White "Safarli, Eltaj"]
[Black "Ilkhomi, Jaloliddin"]
[WhiteFideId "13402129"]
[BlackFideId "14700948"]
[WhiteElo "2634"]
[BlackElo "2045"]
[Result "1-0"]
[Round "01"]
[TimeControl "180+1"]
[Date "2022.10.04"]
[WhiteClock "0:00:25"]
[BlackClock "0:00:03"]

1. e4 e6 2. d4 d5 3. Nd2 Nf6 4. Bd3 c5 5. c3 Nc6 6. Ngf3 cxd4 7. cxd4 Bb4 8. e5 Ne4 9. O-O Nxd2 10. Bxd2 Bxd2 11. Qxd2 Bd7 12. Rac1 Qe7 13. Rc3 O-O-O 14. b4 Kb8 15. Rb1 Rc8 16. b5 Nd8 17. a4 b6 18. a5 Rxc3 19. Qxc3 Nb7 20. a6 Na5 21. Qd2 h6 22. h4 Rc8 23. Qf4 Nc4 24. Bxc4 Rxc4 25. h5 Be8 26. Qg4 g5 27. hxg6 fxg6 28. Qf4 g5 29. Qf6 Qxf6 30. exf6 Rc7 31. Ne5 Bf7 32. Re1 Kc8 33. g4 Be8 34. Kg2 Kd8 35. Kg3 Bxb5 36. Rh1 Rh7 37. f4 gxf4+ 38. Kxf4 Ke8 39. Ke3 Kf8 40. g5 hxg5 41. Rxh7 1-0


[Site "https://www.chess.com"]